 Dungeon Crawl Stone Soup version 0.31-a0-208-gdb31a4691d (webtiles) character file.

Game seed: 17505528283574260709

8 lunkers the Magician (level 2, 0/20 HPs)
             Began as a Meteoran Wanderer on June 28, 2023.
             Slain by a jackal (2 damage)
             ... on level 1 of the Dungeon.
             The game lasted 00:01:02 (210 turns).

lunkers the Magician (Meteoran Wanderer)             Turns: 210, Time: 00:01:03

Health: 0/20       AC:  3    Str:  9    XL:     2   Next: 29%
Magic:  8/8        EV: 13    Int: 13    God:
Gold:   40         SH:  0    Dex: 17    Spells: 8/9 levels left

rFire   . . .        a - +0 dagger
rCold   . . .        (no shield)
rNeg    + . .        c - +0 robe
rPois   .            (no helmet)
rElec   .            (no cloak)
rCorr   .            d - +0 pair of gloves
SInv    .            (no boots)
Will    .....        (no amulet)
Stlth   +            e - ring of positive energy
HPRegen 0.23/turn    (no ring)
MPRegen 0.11/turn

%: no passive effects
@: glowing
A: sense surroundings 1, otherworldly, glowing, explore regen
a: no special abilities


You were on level 1 of the Dungeon.
You visited 1 branch of the dungeon, and saw 1 of its levels.

You collected 40 gold pieces.

Inventory:

Hand Weapons
 a - a +0 dagger (weapon)
Armour
 c - a +0 robe (worn)
 d - a +0 pair of gloves (worn)
Jewellery
 e - a ring of positive energy (left hand)
Scrolls
 f - a scroll of teleportation {unknown}
 g - a scroll of fear {unknown}
Potions
 b - a potion of haste


   Skills:
 - Level 1.2 Armour
 - Level 2.4 Dodging
 + Level 4.2 Spellcasting
 * Level 4.1 Summonings
 - Level 1.2 Transmutations


You had 8 spell levels left.
You knew the following spells:

 Your Spells              Type           Power      Damage    Failure   Level
p - Summon Small Mammal   Summ           52%        N/A       3%          1

Your spell library contained the following spells:

 Spells                   Type           Power      Damage    Failure   Level
 Wereblood                Tmut           5%         N/A       19%         2
 Passwall                 Tmut/Erth      3%         N/A       24%         2
 Animate Armour           Summ/Erth      16%        N/A       65%         4
 Summon Ice Beast         Ice/Summ       8%         N/A       65%         4


Dungeon Overview and Level Annotations

Branches:
Dungeon (1/15) Zot: 389

Altars:


Innate Abilities, Weirdness & Mutations

You passively map a small area around you.
You are easily found by Zot.
You glow in the dark.
You regain HP and MP as you explore.


Message History

The kobold attacks as you move away! The kobold hits you with a +0 dagger.
* * * LOW HITPOINT WARNING * * *
Your bat barely misses the kobold.
The jackal bites your bat. The hobgoblin hits your bat.
Your bat dies!
Your bat's corpse disappears in a puff of smoke!
The kobold attacks as you move away! The kobold hits you with a +0 dagger.
* * * LOW HITPOINT WARNING * * *
The jackal bites your rat.
Your rat dies!
Your rat's corpse disappears in a puff of smoke!
The jackal attacks as you move away! The jackal bites you.
* * * LOW HITPOINT WARNING * * *
The jackal bites you.
* * * LOW HITPOINT WARNING * * *
There is an open door here.
You hit the jackal.
The jackal is moderately wounded.
The jackal bites you.
* * * LOW HITPOINT WARNING * * *
You hit the jackal but do no damage.
The jackal is moderately wounded.
The jackal barely misses you.
A jackal comes into view.
You barely miss the jackal.
The jackal bites you but does no damage.
You barely miss the jackal.
The jackal bites you but does no damage. x2
You hit the jackal.
The jackal is moderately wounded.
The jackal bites you.
* * * LOW HITPOINT WARNING * * *
You closely miss the jackal.
The jackal is moderately wounded.
The jackal closely misses you.
Unknown command.
You completely miss the jackal.
The jackal is moderately wounded.
The jackal bites you.
You die...

#### * , ...# ...# ** * * #
...+ ,, , , .., ...# **
##########... ...##
#....>....... ....#
#........[...
....##############h[..........
.....†..........@hgh..........
.#################Kh........##
, ..†..#### #.....#..........#
.###....# #...........##+#.#
.# #....########.#####.# ,* #
.###.....#.......#####.# ,
...........#...........#* *
########.#.†...........#* #
#.#.............#


You could see 4 jackals, a hobgoblin and a kobold.

Vanquished Creatures
  2 bats (D:1)
  A giant cockroach (D:1)
  A hobgoblin (D:1)
  A kobold (D:1)
  A ball python (D:1)
  A frilled lizard (D:1)
  A rat (D:1)
8 creatures vanquished.

Notes
Turn   | Place    | Note
-------+----------+-------------------------------------------
     0 | D:1      | lunkers the Meteoran Wanderer began the quest for the Orb.
     0 | D:1      | lunkers set off with the following items: a +0 dagger, a
                  | potion of haste, a +0 robe, a +0 pair of gloves; and the
                  | following spell memorised: Summon Small Mammal; and the
                  | following spells available to memorise: Wereblood,
                  | Passwall, Animate Armour, Summon Ice Beast.
     0 | D:1      | Reached XP level 1. HP: 14/14 MP: 6/6
   132 | D:1      | Reached XP level 2. HP: 19/20 MP: 8/8
   204 | D:1      | HP: 1/20 [jackal (2)]
   210 | D:1      | Slain by a jackal

Illustrated notes

Levels and vault maps discovered:
D:1:      minmay_arrival_loop, layout_basic,
          hellmonk_ecumenical_altar_arch_garden, chequers_serial_rivers_marsh

Skill      XL: |  1 |
---------------+----+-----
Summonings     | 4 |  4.1
Armour         | |  1.2
Dodging        | |  2.4
Spellcasting   | |  4.2
Transmutations | |  1.2

Action                     || total
---------------------------++-------
  Melee: Dagger            ||    48
   Cast: Summon Small Mamm ||     2
 Armour: Robe              ||    27
  Dodge: Dodged            ||    39

Table legend: (Time is in decaauts)
 A = Elapsed time spent in this place.
 B = Non-inter-level travel time spent in this place.
 C = Inter-level travel time spent in this place.
 D = Time resting spent in this place.
 E = Time spent auto-exploring this place.
 F = Levels seen in this place.
 G = Mean time per level.
                   A        B        C        D        E       F      G
               +--------+--------+--------+--------+--------+-----+--------+
         Total |    209 |    209 |      0 |      0 |    115 |   1 |  209.0 |
       Dungeon |    209 |    209 |      0 |      0 |    115 |   1 |  209.0 |
               +--------+--------+--------+--------+--------+-----+--------+

Top non-repeatable levels by time:
     D:1: 209 daAuts
